 Dungeon Crawl Stone Soup version 0.31-a0-188-g5e087ee2ca (webtiles) character file.

Game seed: 16914192096027076556

84 qw the Shooter (level 4, -2/25 HPs)
             Began as a Deep Elf Hunter on June 23, 2023.
             Succumbed to a water moccasin's poison
             ... on level 3 of the Dungeon.
             The game lasted 00:00:42 (1205 turns).

qw the Shooter (Deep Elf Hunter)                    Turns: 1205, Time: 00:00:42

Health: -2/25      AC:  5    Str: 10    XL:     4   Next: 23%
Magic:  6/6        EV: 11    Int: 14    God:
Gold:   63         SH:  0    Dex: 18    Spells: 3/3 levels left

rFire   . . .        Y - +0 shortbow
rCold   . . .        (shield currently unavailable)
rNeg    . . .        f - +0 ring mail
rPois   .            (no helmet)
rElec   .            (no cloak)
rCorr   .            (no gloves)
SInv    .            (no boots)
Will    .....        (no amulet)
Stlth   +            (no ring)
HPRegen 0.24/turn    (no ring)
MPRegen 0.10/turn

%: no passive effects
@: lethally poisoned (-2 -> -25), very slow
A: no striking features
a: no special abilities


You were on level 3 of the Dungeon.
You visited 1 branch of the dungeon, and saw 3 of its levels.

You collected 63 gold pieces.


   Skills:
 - Level 1.5 Fighting
 + Level 7.6 Ranged Weapons
 - Level 2.4 Dodging
 - Level 1.2 Stealth


You had 3 spell levels left.
You didn't know any spells.
Your spell library was empty.

Inventory:

Hand Weapons
 Y - a +0 shortbow (weapon)
Armour
 f - a +0 ring mail (worn)
Potions
 a - a potion of haste {unknown}

Dungeon Overview and Level Annotations

Branches:
Dungeon (3/15)

Altars:

Shops:
D:1 :


Message History

There is a stone staircase leading down here.
You climb downwards.
Found 4 boomerangs.
There is a stone staircase leading up here.
An orc is nearby!
Waypoint 2 assigned to D:3.
You shoot an arrow. The arrow hits the orc!
You kill the orc!
Found a scroll of blinking.
Found 5 stones.
You enter the shallow water.
Moving in this stuff is going to be slow.
A ball python and a water moccasin come into view.
The ball python hisses angrily.
The water moccasin hisses angrily.
The ball python misses you. The ball python grabs you.
The ball python constricts you.
You shoot an arrow. The arrow hits the ball python!
You kill the ball python!
You shoot an arrow. The arrow hits the water moccasin!
The water moccasin is moderately wounded.
The water moccasin bites you but does no damage.
The water moccasin misses you.
You shoot an arrow. The arrow misses the water moccasin.
The water moccasin bites you. The water moccasin barely misses you.
You shoot an arrow. The arrow hits the water moccasin.
The water moccasin is moderately wounded.
The water moccasin bites you.
You shoot an arrow.
The arrow closely misses the water moccasin.
The water moccasin closely misses you. The water moccasin bites you!
You are lethally poisoned!
The water moccasin poisons you!
You shoot an arrow.
The arrow closely misses the water moccasin.
You feel very sick. The water moccasin bites you.
You are more poisoned.
The water moccasin poisons you! The water moccasin closely misses you.
You shoot an arrow. The arrow hits the water moccasin.
The water moccasin is heavily wounded.
You die...

.....(.....#......
)...............
##.####.######## 7
#.<###.#### ~7
#.........## ~~7
#..##.###..# P~7P
##.##..###.777~~~~~
#..##.# #~7~~~~7~~
##. .. #7@S~~~~~~
#. ... 7~~P~~~~~ .
.#.##77~~~~~~
...#.# P~~7~~ ....
7~~P~


PPP~ ~~7 ## You could see a water moccasin.

Vanquished Creatures
  2 adders (D:2)
  A worm (D:2)
  2 dart slugs
  An orc (D:3)
  4 bats
  5 endoplasms
  A giant cockroach (D:2)
  7 goblins
  3 hobgoblins
  6 kobolds
  8 quokkas
  8 ball pythons
  4 frilled lizards
  6 rats
58 creatures vanquished.

Notes
Turn   | Place    | Note
-------+----------+-------------------------------------------
     0 | D:1      | qw the Deep Elf Hunter began the quest for the Orb.
     0 | D:1      | Reached XP level 1. HP: 12/12 MP: 3/3
     0 | D:1      | 0 ||| qw: Version: 0.3-a-9-g12657ce
     0 | D:1      | 0 ||| qw: Game counter: 4216
     0 | D:1      | 0 ||| qw: Always use a shield: true
     0 | D:1      | 0 ||| qw: God list: Okawaru
     0 | D:1      | 0 ||| qw: Allow faded altars: false
     0 | D:1      | 0 ||| qw: Do Orc after D:15 true
     0 | D:1      | 0 ||| qw: Do second Lair branch before Depths: true
     0 | D:1      | 0 ||| qw: Lair rune preference: random
     0 | D:1      | 0 ||| qw: Plans: Normal
     0 | D:1      | 0 ||| PLANNING D:1-11
    55 | D:1      | Reached skill level 6 in Ranged Weapons
    55 | D:1      | Reached XP level 2. HP: 16/16 MP: 4/4
   256 | D:1      | Found Icwup's Vocational Training.
   262 | D:1      | Reached XP level 3. HP: 20/20 MP: 5/5
   463 | D:1      | 463 ||| UPGRADING to +0 ring mail.
   473 | D:1      | 473 ||| DROPPING +0 leather armour.
   474 | D:1      | 474 ||| READING scroll labelled KARAIF UKEAZA.
   475 | D:1      | 475 ||| READING scroll labelled FOUBURYENI.
   476 | D:1      | 476 ||| DRINKING 2 black potions.
   477 | D:1      | 477 ||| DROPPING scroll of butterflies.
   599 | D:2      | HP: 4/20 [adder (2)]
   601 | D:2      | Reached skill level 7 in Ranged Weapons
   601 | D:2      | 601 ||| DRINKING potion of curing.
   601 | D:2      | 601 ||| (to cure poison)
   664 | D:2      | 664 ||| FLEEEEING.
   665 | D:2      | 665 ||| FLEEEEING.
   819 | D:2      | Reached XP level 4. HP: 21/25 MP: 6/6
  1147 | D:2      | 1147 ||| READING scroll labelled UHESCHAL OCEGO.
  1148 | D:2      | 1148 ||| READING scroll labelled GODIWATOSI.
  1149 | D:2      | 1149 ||| READING 3 scrolls labelled QADDATW IGAN.
  1150 | D:2      | 1150 ||| DROPPING 2 scrolls of blinking.
  1198 | D:3      | Noticed a water moccasin
  1204 | D:3      | HP: 6/25 [poisoned by a water moccasin]
  1205 | D:3      | Succumbed to a water moccasin's poison

Levels and vault maps discovered:
D:1:      denvon_arrival_planthouse, layout_rooms, nicolae_shop_vocational
D:2:      layout_basic, palyth_stone_intersect, hex_large
D:3:      layout_rooms, lemuel_tele_altar, basic_ecumenical_altar, serial_bayou,
          serial_bayou_lagoon_a, serial_bayou_pond_b, serial_bayou_lake_a,
          serial_bayou_pond_e, minmay_rat_hole

Skill      XL: |  1  2  3 |
---------------+----------+-----
Ranged Weapons | 6 7 |  7.6
Fighting       | |  1.5
Dodging        | |  2.4
Stealth        | |  1.2

Action                     |  1- 3 |  4- 6 || total
---------------------------+-------+-------++-------
   Fire: Shortbow          |   144 |    30 ||   174
    Use: Scroll            |     2 |     3 ||     5
         Potion            |     2 |       ||     2
 Armour: Leather armour    |     6 |       ||     6
         Ring mail         |    11 |     1 ||    12
  Dodge: Dodged            |    36 |     6 ||    42

Table legend:
 A = Non-vault XP
 B = Vault XP
 C = Vault XP percentage of total XP
 D = Non-vault monster count
 E = Vault monster count
 F = Vault count percentage of total count
                 A         B        C        D         E       F
            +---------+---------+-------+---------+---------+-------
      Total |     120 |       0 |   0.0 |      58 |       0 |   0.0
            +---------+---------+-------+---------+---------+-------
        D:1 |      52 |       0 |   0.0 |      32 |       0 |   0.0
        D:2 |      64 |       0 |   0.0 |      24 |       0 |   0.0
        D:3 |       4 |       0 |   0.0 |       2 |       0 |   0.0
            +---------+---------+-------+---------+---------+-------
